 Dungeon Crawl Stone Soup version 0.29-a0-721-g7f417c9bbb (webtiles) character file.

Game seed: 12065314394877930581

175 xian the Conjurer (level 5, -8/21 HPs)
             Began as a Felid Conjurer on June 23, 2022.
             Killed from afar by Grinder (24 damage)
             ... with a bolt of light
             ... on level 3 of the Dungeon on June 28, 2022.
             The game lasted 00:09:34 (2839 turns).

xian the Conjurer (Felid Conjurer)                  Turns: 2839, Time: 00:09:34

Health: -8/21      AC:  1    Str:  3    XL:     5   Next: 29%
Magic:  9/11       EV: 17    Int: 21    God:
Gold:   70         SH:  0    Dex: 15    Spells: 8/11 levels left
                                        Lives:  0   Deaths: 1

rFire   . . .      SeeInvis +   (weapon unavailable)
rCold   . . .      Faith    .   (shield unavailable)
rNeg    . . .      Spirit   .   (body armour unavailable)
rPois   .          Reflect  .   (helmet unavailable)
rElec   .          Harm     .   (cloak unavailable)
rCorr   .          Rampage  .   (gloves unavailable)
Will    .....                   (boots unavailable)
Stlth   ++........              b - amulet of magic regeneration
HPRegen 0.07/turn               (no ring)
MPRegen 0.52/turn               (no ring)

@: quick
A: very small, claws 1, fangs 3, see invisible, speed 1, shaggy fur 1, stealthy
paws, no weapons or thrown items, no armour, multi-lived
a: no special abilities


You were on level 3 of the Dungeon.
You visited 1 branch of the dungeon, and saw 3 of its levels.

You collected 196 gold pieces.
You spent 126 gold pieces at shops.

Inventory:

Jewellery
 b - an amulet of magic regeneration (around neck)
Scrolls
 c - 2 scrolls of vulnerability
 d - a scroll of acquirement {unknown}
 h - a scroll of immolation
 i - a scroll of blinking
 j - a scroll of identify
Potions
 a - a potion of magic
 e - a potion of lignification
 f - 2 potions of flight
 g - 2 potions of heal wounds
 k - a potion of might
 l - a potion of curing {unknown}


   Skills:
 + Level 0.4 Fighting
 + Level 3.1 Dodging
 + Level 3.6 Stealth
 + Level 0.3 Unarmed Combat
 + Level 3.6 Spellcasting
 + Level 5.1 Conjurations


You had 8 spell levels left.
You knew the following spells:

 Your Spells              Type           Power      Damage    Failure   Level
a - Magic Dart            Conj           100%       1d8       1%          1
b - Searing Ray           Conj           50%        2d6       2%          2

Your spell library contained the following spells:

 Spells                   Type           Power      Damage    Failure   Level
 Dazzling Flash           Conj/Hex       28%        N/A       13%         3
 Ensorcelled Hibernation  Hex/Ice        6%         N/A       19%         2
 Spider Form              Tmut/Pois      3%         N/A       36%         3
 Fulminant Prism          Conj/Hex       7%         3d7       41%         4
 Iskenderun's Mystic Bla  Conj/Tloc      14%        2d5       41%         4
 Anguish                  Hex/Necr       1%         N/A       77%         4
 Petrify                  Tmut/Erth      3%         N/A       77%         4
 Metabolic Englaciation   Hex/Ice        1%         N/A       98%         5
 Statue Form              Tmut/Erth      2%         N/A       100%        6


Dungeon Overview and Level Annotations

Branches:
Dungeon (3/15)

Altars:
Cheibriados
Yredelemnul

Shops:
D:2 (   D:3 !([!

Annotations:
D:3 Grinder


Innate Abilities, Weirdness & Mutations

You have sharp claws.
You have razor-sharp teeth.
You have supernaturally acute eyesight. (SInv)
You cover ground quickly. (Speed+)
You are covered in fur. (AC +1)
Your paws help you pounce on unaware monsters.
You are incapable of wielding weapons or throwing items.
You cannot wear armour.
You gain extra lives every three experience levels.


Message History

You enter the shallow water.
Moving in this stuff is going to be slow.
A dart slug comes into view.
The magic dart hits the dart slug but does no damage.
The magic dart hits the dart slug!
The dart slug is severely wounded.
The magic dart hits the dart slug.
The dart slug is almost dead.
The magic dart hits the dart slug.
You kill the dart slug!
There is a snail-covered altar of Cheibriados here.
You enter the shallow water.
Moving in this stuff is going to be slow.
You see here a +0 cloak.
Found a glowing mace.
Grinder gestures at you.
You struggle to resist.
There is an abandoned shop here.
Casting: Magic Dart (safe; 1% risk of failure)
Confirm with . or Enter, or press ? or * to list all spells.
Aiming: Searing Ray (safe; 2% risk of failure)
Press: ? - help, Shift-Dir - straight line, f - Grinder
Aim: Grinder, carrying a wand of light (8) (77% to hit)
The searing ray misses Grinder. (Press . to maintain the ray.) Unknown command.
The searing ray hits Grinder.
Grinder is lightly wounded.
Grinder gestures at you. Pain shoots through your body!
The searing ray hits Grinder!
Grinder is moderately wounded.
Grinder blinks!
The searing ray misses Grinder.
You finish channelling your searing ray.
Grinder barely misses you.
Grinder says, "There's only one good use for a tongue: cutting it out."
Grinder zaps a wand.
The bolt of light hits you!!
Ouch! That really hurt!
You die...

......##....≈≈≈#.#######.#
...............+.........####
##.######......#............#
##.# #........##############
##.# #.....[..# ##.#
#...o.#.## ...# #.....#..###
#..# #.....#.∩.∩#
#..####.....#.5.@#####
...#.......o..∩.∩....#
.....................#####.#
#..#......###.######........
#..########..§######.##.##.#
#..# #..........##.# #..#
#....##.......# #..#
####.########.##.# ....
.##....##.##.#


You could see Grinder and an orc priest.

Vanquished Creatures
  A black bear (D:3)
  3 gnolls (D:3)
  3 adders
  3 worms
  4 dart slugs
  2 orcs (D:3)
  6 ball pythons
  5 endoplasms
  6 giant cockroaches
  3 hobgoblins
  4 jackals (D:2)
  2 quokkas
  4 bats
  5 frilled lizards
  4 goblins
  4 kobolds
  9 rats
68 creatures vanquished.

Notes
Turn   | Place    | Note
-------+----------+-------------------------------------------
     0 | D:1      | xian the Felid Conjurer began the quest for the Orb.
     0 | D:1      | Reached XP level 1. HP: 7/7 MP: 4/4
   372 | D:1      | Reached XP level 2. HP: 11/11 MP: 1/6
   376 | D:1      | Learned a level 2 spell: Searing Ray
   405 | D:1      | Reached skill level 4 in Conjurations
  1036 | D:2      | Reached XP level 3. HP: 14/14 MP: 5/7
  1234 | D:2      | Found Wefeovuleg's Weapon Boutique.
  1447 | D:2      | Reached XP level 4. HP: 10/18 MP: 2/9
  2269 | D:3      | Found a snail-covered altar of Cheibriados.
  2269 | D:3      | Found Zuseh's Armour Boutique.
  2344 | D:3      | Found Diur Ria's Distillery.
  2349 | D:3      | Killed from afar by an orc priest
  2349 | D:3      | Noticed Grinder
  2350 | D:3      | Reached XP level 3. HP: -2/14 MP: 7/8
  2350 | D:3      | Upgraded the game from 0.29-a0-668-g12ee2bf84d to
                  | 0.29-a0-721-g7f417c9bbb
  2358 | D:3      | Found Rucymyst's Distillery.
  2367 | D:3      | Bought a potion of might for 56 gold pieces
  2367 | D:3      | Bought a potion of heal wounds for 70 gold pieces
  2430 | D:3      | Found Ydduill's Weapon Shop.
  2522 | D:3      | Found a runed translucent door.
  2522 | D:3      | Noticed a human
  2533 | D:3      | Found a basalt altar of Yredelemnul.
  2651 | D:3      | Noticed a black bear
  2658 | D:3      | Reached XP level 4. HP: 18/18 MP: 4/9
  2661 | D:3      | Killed a black bear
  2662 | D:3      | Reached skill level 5 in Conjurations
  2662 | D:3      | Reached XP level 5. HP: 21/21 MP: 1/11
  2839 | D:3      | Killed from afar by Grinder

Illustrated notes

Levels and vault maps discovered:
D:1:      lightli_arrival_farm, layout_basic, hex_large
D:2:      layout_basic, serial_shops, nicolae_shop_crystal,
          kennysheep_generic_room_7
D:3:      layout_basic, kennysheep_slug_shrine, dk_yredelemnul_ordeal,
          serial_shops, nicolae_shop_competitors_out_of_business,
          nicolae_shop_advertising_works [nicolae_subvault_shop_adworks],
          nicolae_shop_trees, nicolae_square_shop, nicolae_shop_stone,
          uniq_grinder

Skill      XL: |  1  2  3  4 |
---------------+-------------+-----
Conjurations   | 4 5 |  5.1
Stealth        | 3 |  3.6
Dodging        | 3 |  3.1
Spellcasting   | 3 |  3.6
Fighting       | |  0.4
Unarmed Combat | |  0.3

Action                   |  1- 3 |  4- 6 || total
-------------------------+-------+-------++-------
Melee: Unarmed           |     1 |     4 ||     5
       Punch             |       |     1 ||     1
 Cast: Magic Dart        |   123 |    55 ||   178
       Searing Ray       |     2 |     2 ||     4
  Use: Scroll            |     9 |     3 ||    12
Armor: Skin              |     3 |       ||     3
Dodge: Dodged            |    14 |     8 ||    22

Table legend: (Time is in decaauts)
 A = Elapsed time spent in this place.
 B = Non-inter-level travel time spent in this place.
 C = Inter-level travel time spent in this place.
 D = Time resting spent in this place.
 E = Time spent auto-exploring this place.
 F = Levels seen in this place.
 G = Mean time per level.
                   A        B        C        D        E       F      G
               +--------+--------+--------+--------+--------+-----+--------+
         Total |   2446 |   2391 |     55 |      0 |   1868 |   3 |  815.3 |
       Dungeon |   2446 |   2391 |     55 |      0 |   1868 |   3 |  815.3 |
               +--------+--------+--------+--------+--------+-----+--------+

Top non-repeatable levels by time:
     D:2: 1148 daAuts
     D:1: 662 daAuts
     D:3: 636 daAuts
